AoeStats
← Michi3052

Golden Pit

507815222Analyzed
1v1 RM · 13d ago on Sep 19, 2026· 57m 49s· 2 players
Game mode
Random Map
Map size
Tiny (2 player)
Population
200
Speed
Normal
Resources
Standard
Victory
Conquest
Starting age
Dark Age
Ending age
Imperial Age
RankedLock teamsTeams togetherTeam positionsShared explorationLock speedFull tech treeHidden civsTurbo modeCheats
Victory
Defeat
🇪🇸 Turks · Spain
711
+16
🇨🇦 Goths · Canada
719
-16
Michi3052
10:24 Feudal Age
11:18 Double-Bit Axe
13:36 Bloodlines
19:10 Man-at-Arms
24:22 Castle Age
22:52 Horse Collar
31:09 Imperial Age
28:50 Fletching
32:32 Wheelbarrow
32:14 Loom
32:15 Town Watch
36:15 Hand Cart
36:55 Bow Saw
37:32 Heavy Plow
39:48 Two-Man Saw
43:05 Bodkin Arrow
43:11 Padded Archer Armor
49:51 Artillery
50:59 Town Patrol
51:56 Conscription
52:18 Bracer
52:44 Leather Archer Armor
52:53 Ballistics
57:31 Ring Archer Armor
57:08 Scale Barding Armor
57:14 Forging
mishmish
2:50 Loom
14:01 Feudal Age
14:07 Man-at-Arms
14:36 Horse Collar
14:42 Double-Bit Axe
20:51 Scale Mail Armor
20:42 Fletching
24:48 Castle Age
23:33 Gold Mining
27:42 Chain Mail Armor
29:16 Long Swordsman
30:26 Squires
29:56 Elite Skirmisher
34:07 Anarchy
33:52 Pikeman
36:28 Forging
40:21 Wheelbarrow
42:20 Iron Casting
46:52 Imperial Age
47:57 Ballistics
51:27 Chemistry
50:49 Halberdier
54:56 Conscription
Connection lost

Rejoining the realm…

Still unreachable

The connection could not be restored.

Session expired

The server has moved on; the page needs a fresh start.